TOP OF THE 1ST |
Plumstead Eagles batting - Pitching for Manhatten Meatheads : RHP Iván Maldonado
|
Pitching: RHP Iván Maldonado
|
|
Batting: RHB Pablo Villarreal
|
0-0: Foul Ball, location: 2F 0-1: Ball 1-1: Swinging Strike 1-2: Strikes out swinging
|
Batting: RHB Rob Brady
|
0-0: Foul Ball, location: 2F 0-1: Foul Ball, location: 2F 0-2: Foul Ball, location: 2F 0-2: Ball 1-2: SINGLE (Line Drive, 7LS)
|
Batting: RHB Jaime Rodríguez
|
0-0: Ground out 5-3 (Groundball, 56S) Rob Brady to second
|
Batting: RHB Juan Caceres
|
0-0: Foul Ball, location: 2F 0-1: Ball 1-1: Fly out, F9 (Flyball, 9S)
|
Top of the 1st over - 0 run(s), 1 hit(s), 0 error(s), 1 left on base; Plumstead 0 - Manhatten 0 |
BOTTOM OF THE 1ST |
Manhatten Meatheads batting - Pitching for Plumstead Eagles : RHP Manny Ramos
|
Pitching: RHP Manny Ramos
|
|
Batting: SHB Cornell Payne
|
0-0: Ball 1-0: Called Strike 1-1: Foul Ball, location: 2F 1-2: Strikes out swinging
|
Batting: RHB Adrián López
|
0-0: Ball 1-0: Fly out, F8 (Flyball, 8LM)
|
Batting: RHB Denver Baker
|
0-0: Ball 1-0: Swinging Strike 1-1: Ball 2-1: Fly out, F9 (Flyball, 89S)
|
Bottom of the 1st over - 0 run(s), 0 hit(s), 0 error(s), 0 left on base; Plumstead 0 - Manhatten 0 |
TOP OF THE 2ND |
Plumstead Eagles batting - Pitching for Manhatten Meatheads : RHP Iván Maldonado
|
Batting: RHB Kolomon Meise
|
0-0: Ball 1-0: Called Strike 1-1: Ball 2-1: DOUBLE (Line Drive, 89D)
|
Batting: RHB Jeff Townsley
|
0-0: Ball 1-0: Ball 2-0: Ball 3-0: Called Strike 3-1: Base on Balls
|
Batting: RHB José Moreno
|
0-0: Called Strike 0-1: Ball 1-1: Ball 2-1: Swinging Strike 2-2: Strikes out swinging
|
Batting: RHB Howard Johnson
|
0-0: Ball 1-0: Ball 2-0: Fielders Choice at 2nd, 5-4 (Groundball, 56) Kolomon Meise to third
|
Batting: LHB Ryan Flynn
|
0-0: Ball 1-0: Ball 2-0: Ball 3-0: Called Strike 3-1: Base on Balls Howard Johnson to second
|
Batting: RHB Pablo Villarreal
|
0-0: Called Strike 0-1: Fielders Choice at 2nd, 6-4 (Groundball, 6)
|
Top of the 2nd over - 0 run(s), 1 hit(s), 0 error(s), 2 left on base; Plumstead 0 - Manhatten 0 |
BOTTOM OF THE 2ND |
Manhatten Meatheads batting - Pitching for Plumstead Eagles : RHP Manny Ramos
|
Batting: SHB António Ramírez
|
0-0: Ball 1-0: Ball 2-0: SINGLE (Line Drive, 4MD)
|
Batting: RHB Craig Chapman
|
0-0: Ball 1-0: Ball 2-0: Ball 3-0: Base on Balls António Ramírez to second
|
Batting: LHB Miguel Pérez
|
0-0: Ball 1-0: Foul Ball, location: 2F 1-1: Ball 2-1: Ball 3-1: Foul Ball, location: 2F 3-2: Grounds into double play, 4-6-3 (Groundball, 4) António Ramírez to third
|
Batting: SHB José Sousa
|
0-0: Foul Ball, location: 2F 0-1: Swinging Strike 0-2: Strikes out swinging
|
Bottom of the 2nd over - 0 run(s), 1 hit(s), 0 error(s), 1 left on base; Plumstead 0 - Manhatten 0 |
TOP OF THE 3RD |
Plumstead Eagles batting - Pitching for Manhatten Meatheads : RHP Iván Maldonado
|
Batting: RHB Rob Brady
|
0-0: Called Strike 0-1: Fly out, F9 (Flyball, 9LM)
|
Batting: RHB Jaime Rodríguez
|
0-0: Called Strike 0-1: Foul Ball, location: 2F 0-2: Fly out, F7 (Line Drive, 7)
|
Batting: RHB Juan Caceres
|
0-0: Ball 1-0: Foul Ball, location: 2F 1-1: Fly out, F9 (Flyball, 9LS)
|
Top of the 3rd over - 0 run(s), 0 hit(s), 0 error(s), 0 left on base; Plumstead 0 - Manhatten 0 |
BOTTOM OF THE 3RD |
Manhatten Meatheads batting - Pitching for Plumstead Eagles : RHP Manny Ramos
|
Batting: RHB Lúcio Sánchez
|
0-0: Called Strike 0-1: Foul Ball, location: 2F 0-2: Strikes out swinging
|
Batting: RHB José Esparza
|
0-0: Ball 1-0: Ground out 6-3 (Groundball, 56D)
|
Batting: SHB Cornell Payne
|
0-0: Ball 1-0: Ball 2-0: Ball 3-0: Called Strike 3-1: Swinging Strike 3-2: Strikes out swinging
|
Bottom of the 3rd over - 0 run(s), 0 hit(s), 0 error(s), 0 left on base; Plumstead 0 - Manhatten 0 |
TOP OF THE 4TH |
Plumstead Eagles batting - Pitching for Manhatten Meatheads : RHP Iván Maldonado
|
Batting: RHB Kolomon Meise
|
0-0: Swinging Strike 0-1: Ground out 6-3 (Groundball, 6)
|
Batting: RHB Jeff Townsley
|
0-0: Ball 1-0: Called Strike 1-1: DOUBLE (Flyball, 9LM)
|
Batting: RHB José Moreno
|
0-0: Swinging Strike 0-1: Ball 1-1: Ball 2-1: Ball 3-1: Foul Ball, location: 2F 3-2: Base on Balls
|
Batting: RHB Howard Johnson
|
0-0: Ball 1-0: Called Strike 1-1: Ball 2-1: SINGLE (Line Drive, 89S) Jeff Townsley to third José Moreno to second Runner from 3rd tries for Home, SAFE, no throw
|
Batting: LHB Ryan Flynn
|
0-0: Swinging Strike 0-1: Foul Ball, location: 2F 0-2: Strikes out swinging
|
Batting: RHB Pablo Villarreal
|
0-0: Called Strike 0-1: SINGLE (Groundball, 56D) José Moreno to third Howard Johnson to second Runner from 3rd tries for Home, SAFE, no throw
|
Batting: RHB Rob Brady
|
0-0: Ball 1-0: Ball Wild Pitch! Howard Johnson to third Pablo Villarreal to second 2-0: Ball 3-0: Called Strike 3-1: Called Strike 3-2: Base on Balls
|
Batting: RHB Jaime Rodríguez
|
0-0: Ball 1-0: SINGLE (Line Drive, 56D) Howard Johnson scores Pablo Villarreal to third Rob Brady to second
|
Batting: RHB Juan Caceres
|
0-0: Ball 1-0: Called Strike 1-1: Ground out 6-3 (Groundball, 6MS)
|
Top of the 4th over - 3 run(s), 4 hit(s), 0 error(s), 3 left on base; Plumstead 3 - Manhatten 0 |
BOTTOM OF THE 4TH |
Manhatten Meatheads batting - Pitching for Plumstead Eagles : RHP Manny Ramos
|
Batting: RHB Adrián López
|
0-0: SINGLE (Groundball, 6MD)
|
Batting: RHB Denver Baker
|
0-0: Grounds into double play, 6-4-3 (Groundball, 6)
|
Batting: SHB António Ramírez
|
0-0: Called Strike 0-1: Foul Ball, location: 2F 0-2: Ball 1-2: Foul Ball, location: 2F 1-2: Foul Ball, location: 2F 1-2: SINGLE (Groundball, 56) (infield hit)
|
Batting: RHB Craig Chapman
|
0-0: Swinging Strike 0-1: Foul Ball, location: 2F 0-2: Strikes out looking
|
Bottom of the 4th over - 0 run(s), 2 hit(s), 0 error(s), 1 left on base; Plumstead 3 - Manhatten 0 |
TOP OF THE 5TH |
Plumstead Eagles batting - Pitching for Manhatten Meatheads : RHP Iván Maldonado
|
Batting: RHB Kolomon Meise
|
0-0: Called Strike 0-1: SINGLE (Groundball, 6MD)
|
Batting: RHB Jeff Townsley
|
0-0: SINGLE (Groundball, 3D) Kolomon Meise to second Runner from 2nd tries for 3rd, SAFE, throw made to third
|
Batting: RHB José Moreno
|
0-0: Ball 1-0: Called Strike 1-1: Called Strike 1-2: Hit by Pitch Jeff Townsley to second
|
Pitching: RHP Ángel Antonio
|
|
Batting: RHB Howard Johnson
|
0-0: Ball 1-0: Ball 2-0: Called Strike 2-1: Foul Ball, location: 2F 2-2: Strikes out looking
|
Batting: LHB Ryan Flynn
|
0-0: Ball 1-0: Ball 2-0: Ball 3-0: Called Strike 3-1: Foul Ball, location: 2F 3-2: Foul Ball, location: 2F 3-2: Fly out, F8 (Flyball, 8RM) Runner from 3rd tags up, SCORES, throw made
|
Batting: RHB Pablo Villarreal
|
0-0: Swinging Strike 0-1: Called Strike 0-2: Ball 1-2: Foul Ball, location: 2F 1-2: Ball 2-2: Ground out 3-1 (Groundball, 34)
|
Top of the 5th over - 1 run(s), 2 hit(s), 0 error(s), 2 left on base; Plumstead 4 - Manhatten 0 |
BOTTOM OF THE 5TH |
Manhatten Meatheads batting - Pitching for Plumstead Eagles : RHP Manny Ramos
|
Batting: LHB Miguel Pérez
|
0-0: Swinging Strike 0-1: Ball 1-1: Ball 2-1: Called Strike 2-2: Foul Ball, location: 2F 2-2: Fly out, F7 (Flyball, 7LS)
|
Batting: SHB José Sousa
|
0-0: Fly out, F9 (Line Drive, 9S)
|
Batting: RHB Lúcio Sánchez
|
0-0: SOLO HOME RUN (Flyball, 78D), Distance : 395 ft
|
Batting: RHB José Esparza
|
0-0: Ball 1-0: Ground out 6-3 (Groundball, 6M)
|
Bottom of the 5th over - 1 run(s), 1 hit(s), 0 error(s), 0 left on base; Plumstead 4 - Manhatten 1 |
TOP OF THE 6TH |
Plumstead Eagles batting - Pitching for Manhatten Meatheads : RHP Ángel Antonio
|
Batting: RHB Rob Brady
|
0-0: Ball 1-0: SINGLE (Line Drive, 4MD)
|
Batting: RHB Jaime Rodríguez
|
0-0: Ball 1-0: Fly out, F8 (Flyball, 8LM)
|
Batting: RHB Juan Caceres
|
0-0: Foul Ball, location: 2F 0-1: Ball 1-1: Called Strike 1-2: Ball 2-2: Foul Ball, location: 2F 2-2: Ball 3-2: Foul Ball, location: 2F 3-2: Base on Balls Rob Brady to second
|
Batting: RHB Kolomon Meise
|
0-0: Ball 1-0: Ball 2-0: Called Strike 2-1: SINGLE (Line Drive, 56D) Rob Brady to third Juan Caceres to second Runner from 3rd tries for Home, SAFE, no throw
|
Batting: RHB Jeff Townsley
|
0-0: Ball 1-0: Ball 2-0: Ball 3-0: Called Strike 3-1: Base on Balls Juan Caceres to third Kolomon Meise to second
|
Batting: RHB José Moreno
|
0-0: Ball 1-0: Ball 2-0: Ball 3-0: Base on Balls Juan Caceres scores Kolomon Meise to third Jeff Townsley to second
|
Batting: RHB Howard Johnson
|
0-0: Called Strike 0-1: Called Strike 0-2: Strikes out swinging
|
Batting: LHB Ryan Flynn
|
0-0: Called Strike 0-1: Foul Ball, location: 2F 0-2: Ball 1-2: Strikes out swinging
|
Top of the 6th over - 2 run(s), 2 hit(s), 0 error(s), 3 left on base; Plumstead 6 - Manhatten 1 |
BOTTOM OF THE 6TH |
Manhatten Meatheads batting - Pitching for Plumstead Eagles : RHP Manny Ramos
|
Batting: SHB Cornell Payne
|
0-0: Foul Ball, location: 2F 0-1: Fly out, F8 (Line Drive, 8RXD)
|
Batting: RHB Adrián López
|
0-0: Ball 1-0: Called Strike 1-1: Foul Ball, location: 2F 1-2: Strikes out looking
|
Batting: RHB Denver Baker
|
0-0: Ball 1-0: Fly out, F8 (Flyball, 78XD)
|
Bottom of the 6th over - 0 run(s), 0 hit(s), 0 error(s), 0 left on base; Plumstead 6 - Manhatten 1 |
TOP OF THE 7TH |
Plumstead Eagles batting - Pitching for Manhatten Meatheads : RHP Ángel Antonio
|
Batting: RHB Pablo Villarreal
|
0-0: Called Strike 0-1: Ball 1-1: Hit by Pitch
|
Batting: RHB Rob Brady
|
0-0: Called Strike 0-1: Foul Ball, location: 2F 0-2: Ball 1-2: Strikes out swinging
|
Batting: RHB Jaime Rodríguez
|
0-0: Called Strike 0-1: Ball 1-1: Ball 2-1: Foul Ball, location: 2F 2-2: Ball 3-2: Base on Balls Pablo Villarreal to second
|
Batting: RHB Juan Caceres
|
0-0: Ball 1-0: Called Strike Pablo Villarreal is caught stealing 3rd base Jaime Rodríguez to second 1-1: Swinging Strike 1-2: Strikes out swinging
|
Top of the 7th over - 0 run(s), 0 hit(s), 0 error(s), 1 left on base; Plumstead 6 - Manhatten 1 |
BOTTOM OF THE 7TH |
Manhatten Meatheads batting - Pitching for Plumstead Eagles : RHP Manny Ramos
|
Batting: SHB António Ramírez
|
0-0: Called Strike 0-1: Ball 1-1: Swinging Strike 1-2: Strikes out swinging
|
Batting: RHB Craig Chapman
|
0-0: Called Strike 0-1: Foul Ball, location: 2F 0-2: Ball 1-2: Foul Ball, location: 2F 1-2: Foul Ball, location: 2F 1-2: Foul Ball, location: 2F 1-2: Strikes out swinging
|
Batting: LHB Miguel Pérez
|
0-0: Ball 1-0: Ball 2-0: Ball 3-0: Base on Balls
|
Batting: SHB José Sousa
|
0-0: Foul Ball, location: 2F 0-1: Ball 1-1: Foul Ball, location: 2F 1-2: Foul Ball, location: 2F 1-2: SINGLE (Line Drive, 4MD) Miguel Pérez to second
|
Pitching: LHP Pedro Rosado
|
|
Batting: RHB Lúcio Sánchez
|
0-0: Called Strike 0-1: Ball 1-1: Fly out, F9 (Flyball, 9S)
|
Bottom of the 7th over - 0 run(s), 1 hit(s), 0 error(s), 2 left on base; Plumstead 6 - Manhatten 1 |
TOP OF THE 8TH |
Plumstead Eagles batting - Pitching for Manhatten Meatheads : RHP Ángel Antonio
|
Batting: RHB Kolomon Meise
|
0-0: Called Strike 0-1: Ball 1-1: Ball 2-1: Ball 3-1: Fly out, F8 (Flyball, 8LM)
|
Batting: RHB Jeff Townsley
|
0-0: Called Strike 0-1: Ball 1-1: Ground out 4-3 (Groundball, 4M)
|
Batting: RHB José Moreno
|
0-0: Ball 1-0: Swinging Strike 1-1: Swinging Strike 1-2: Strikes out looking
|
Top of the 8th over - 0 run(s), 0 hit(s), 0 error(s), 0 left on base; Plumstead 6 - Manhatten 1 |
BOTTOM OF THE 8TH |
Manhatten Meatheads batting - Pitching for Plumstead Eagles : LHP Pedro Rosado
|
Now at 2B: Matt Thompson
|
|
Batting: RHB José Esparza
|
0-0: Ball 1-0: Ball 2-0: SINGLE (Groundball, 56) (infield hit)
|
Batting: SHB Cornell Payne
|
0-0: Ball 1-0: Ball 2-0: Called Strike 2-1: Foul Ball, location: 2F 2-2: Foul Ball, location: 2F 2-2: Ball 3-2: SINGLE (Line Drive, 56) José Esparza to second
|
Batting: RHB Adrián López
|
0-0: Fly out, F7 (Flyball, 7LDF) Runner from 2nd tags up, SAFE at 3rd, no throw
|
Batting: RHB Denver Baker
|
0-0: Called Strike 0-1: Called Strike 0-2: Strikes out looking
|
Batting: SHB António Ramírez
|
0-0: Called Strike 0-1: Called Strike 0-2: Ball 1-2: Ball Wild Pitch! José Esparza scores Cornell Payne to second 2-2: Ball 3-2: Base on Balls
|
Pitching: LHP Pat Bruce
|
|
Batting: RHB Craig Chapman
|
0-0: Ball 1-0: Ball 2-0: Fly out, F7 (Flyball, 78S)
|
Bottom of the 8th over - 1 run(s), 2 hit(s), 0 error(s), 2 left on base; Plumstead 6 - Manhatten 2 |
TOP OF THE 9TH |
Plumstead Eagles batting - Pitching for Manhatten Meatheads : RHP Ángel Antonio
|
Batting: RHB Howard Johnson
|
0-0: Called Strike 0-1: Ball 1-1: SINGLE (Line Drive, 4D)
|
Pitching: LHP Pedro Cruz
|
|
Batting: LHB Ryan Flynn
|
0-0: Called Strike 0-1: 2-RUN HOME RUN (Flyball, 9LD), Distance : 316 ft
|
Batting: RHB Pablo Villarreal
|
0-0: Ball 1-0: Ball 2-0: Ball 3-0: Called Strike 3-1: Foul Ball, location: 2F 3-2: Strikes out swinging
|
Batting: RHB Rob Brady
|
0-0: Foul Ball, location: 2F 0-1: Foul Ball, location: 2F 0-2: Strikes out looking
|
Batting: RHB Jaime Rodríguez
|
0-0: Ball 1-0: Ball 2-0: Ball 3-0: Called Strike 3-1: Foul Ball, location: 2F 3-2: Foul Ball, location: 2F 3-2: Base on Balls
|
Batting: RHB Juan Caceres
|
0-0: Called Strike 0-1: Foul Ball, location: 2F 0-2: Ball 1-2: Ball 2-2: Strikes out swinging
|
Top of the 9th over - 2 run(s), 2 hit(s), 0 error(s), 1 left on base; Plumstead 8 - Manhatten 2 |
BOTTOM OF THE 9TH |
Manhatten Meatheads batting - Pitching for Plumstead Eagles : LHP Pat Bruce
|
Now at 1B: Wilson Durán
|
|
Now in LF: Roberto Rodríguez
|
|
Batting: LHB Miguel Pérez
|
0-0: Ball 1-0: Swinging Strike 1-1: Called Strike 1-2: Ground out 6-3 (Groundball, 6)
|
Batting: SHB José Sousa
|
0-0: Foul Ball, location: 2F 0-1: Swinging Strike 0-2: Ball 1-2: Strikes out swinging
|
Batting: RHB Lúcio Sánchez
|
0-0: SINGLE (Popup, 6M)
|
Batting: RHB José Esparza
|
0-0: Ball 1-0: Called Strike 1-1: Swinging Strike 1-2: Fly out, F9 (Flyball, 89XD)
|
Bottom of the 9th over - 0 run(s), 1 hit(s), 0 error(s), 1 left on base; Plumstead 8 - Manhatten 2 |
|